Devils vs Hurricanes

Created - 9 octobre 2017 at 18:00

Goals
1 2 3 T
Devils 1 0 0 1
Hurricanes 2 1 0 3
Shots
1 2 3 T
Devils 11 9 6 26
Hurricanes 7 10 13 30

1st period

1. Devils , Mike Cammalleri 1 (Dougie Hamilton 2, Anton Stralman 2) at 2:15
2. Hurricanes , Zach Parise 1 (Lee Stempniak 1, Anthony Bitetto 1) at 10:22
3. Hurricanes , Bryan Little 2 (Dustin Byfuglien 2) at 11:44

Penalties :
Patrick Wiercioch (CAR) for Hooking (Minor) at 2:44, Jordan Staal (NJD) for Holding (Minor) at 10:29, Leo Komarov (CAR) for Hooking (Minor) at 11:22, Jakub Kindl (NJD) for Hooking (Minor) at 17:39

2nd period

4. Hurricanes , Michael Frolik 2 (Dustin Byfuglien 3) at 16:23

Penalties :
Jakub Kindl (NJD) for Tripping (Minor) at 4:09, Nick Foligno (CAR) for Unsportsmanlike conduct (Minor) at 6:49, Leo Komarov (CAR) for Tripping (Minor) at 13:27

3rd period

No Goal

Penalties :
Dustin Brown (NJD) for Roughing (Minor) at 6:25, Anton Stralman (NJD) for Hooking (Minor) at 9:41, Anthony Bitetto (CAR) for Roughing (Minor) at 15:32

Goalie Stats

Michal Neuvirth (NJD), 27 saves from 30 shots - (0.900), L, 0-1-0, 60:00 minutes
Frederik Andersen (CAR), 25 saves from 26 shots - (0.962), W, 2-0-0, 60:00 minutes

Players Stats for Devils

Player Name              G  A  P  +/- PIM S  H  SB GA TA FO     MP     PP MP  PK MP  
------------------------------------------------------------------------------------
Ales Hemsky              0  0  0  -2  0   4  0  0  0  0  1/3    14:54   0:38   0:00 
Anton Stralman           0  1  1   0  2   0  3  3  0  0  0/0    19:55   4:10   3:00 
Boyd Gordon              0  0  0  -1  0   0  1  0  0  0  3/10   14:48   0:00   2:32 
Chris Terry              0  0  0   0  0   1  0  0  0  0  0/1     8:23   0:00   2:02 
Dougie Hamilton          0  1  1   0  0   2  2  2  0  0  0/0    24:03   4:10   3:55 
Drew Stafford            0  0  0  -1  0   1  0  0  0  0  0/0    16:05   4:12   0:00 
Dustin Brown             0  0  0   0  2   3  1  0  0  0  0/1    19:45   4:24   3:17 
Jakub Kindl              0  0  0  -1  4   0  1  0  0  0  0/0    13:54   0:00   0:03 
Jordan Staal             0  0  0   1  2   1  3  2  0  0  15/26  24:01   3:59   3:46 
Justin Schultz           0  0  0  -1  0   3  3  2  0  0  0/0    21:41   4:39   3:50 
Mike Cammalleri          1  0  1   1  0   4  0  0  0  0  1/4    17:40   4:37   2:04 
Nikolay Kulemin          0  0  0  -1  0   3  2  0  0  0  0/1    17:52   4:12   2:04 
Pavel Zacha              0  0  0  -1  0   0  1  0  0  0  11/16  17:04   4:12   1:16 
Roman Lyubimov           0  0  0   0  0   1  0  0  0  0  3/7     6:58   0:00   0:37 
Ryan Pulock              0  0  0   0  0   0  0  0  0  0  0/0     4:45   0:00   1:37 
Scott Wilson             0  0  0  -1  0   2  3  0  0  0  1/1    12:33   0:13   0:00 
Shayne Gostisbehere      0  0  0  -1  0   1  0  2  0  0  0/0    21:41   4:39   3:50 
Steven Kampfer           0  0  0  -1  0   0  1  3  0  0  0/0    13:58   0:00   1:23 

Players Stats for Hurricanes

Player Name              G  A  P  +/- PIM S  H  SB GA TA FO     MP     PP MP  PK MP  
------------------------------------------------------------------------------------
Alex Chiasson            0  0  0   0  0   0  0  0  0  0  2/2    13:01   0:26   0:03 
Anthony Bitetto          0  1  1   1  2   0  1  2  0  0  0/0    11:34   0:00   0:03 
Brad Richardson          0  0  0   0  0   7  0  0  0  0  1/4    12:32   0:00   0:00 
Brett Pesce              0  0  0  -1  0   0  2  2  0  0  0/0    22:42   4:23   3:43 
Brian Dumoulin           0  0  0  -1  0   0  2  4  0  0  0/0    22:42   4:23   3:43 
Bryan Little             1  0  1   2  0   4  0  0  0  0  19/34  24:06   4:00   5:24 
Carl Hagelin             0  0  0   0  0   1  0  0  0  0  1/1     2:31   0:37   1:17 
Derek Ryan               0  0  0   0  0   0  1  0  0  0  3/6    15:06   0:00   2:34 
Dustin Byfuglien         0  2  2   2  0   2  4  4  0  0  0/0    25:46   4:26   5:06 
Keith Yandle             0  0  0   2  0   3  1  1  0  0  0/0    24:40   4:00   5:03 
Lee Stempniak            0  1  1   0  0   2  0  0  0  0  0/1    18:44   4:13   0:00 
Leo Komarov              0  0  0   0  4   2  4  0  0  0  7/17   19:59   4:12   1:17 
Marcus Foligno           0  0  0   0  0   0  0  0  0  0  0/1     3:21   0:00   0:13 
Michael Frolik           1  0  1   1  0   1  0  0  0  0  1/1    15:52   4:10   0:00 
Nick Foligno             0  0  0   2  2   2  0  1  0  0  1/1    22:47   4:09   3:57 
Patrick Wiercioch        0  0  0   1  2   2  0  2  0  0  0/0    11:57   0:26   0:00 
Tom Pyatt                0  0  0   0  0   0  0  0  0  0  0/0     1:03   0:26   0:00 
Zach Parise              1  0  1   0  0   4  1  0  0  0  0/2    21:37   4:13   2:53 

3 Stars

1 - Dustin Byfuglien (CAR)
2 - Frederik Andersen (CAR)
3 - Bryan Little (CAR)

Power Play

Devils - 0 on 5 Attempt(s) - 0.00%
Hurricanes - 0 on 5 Attempt(s) - 0.00%

Penalty Kill

Devils - 5 on 5 Attempt(s) - 100.00% - Score 0 goal in Penalty Kill
Hurricanes - 5 on 5 Attempt(s) - 100.00% - Score 0 goal in Penalty Kill

Team Stat

Devils - Hits : 21 - Faceoff Wins : 35 - Blocked Shots : 14 - Penalty Minutes : 10
Hurricanes - Hits : 16 - Faceoff Wins : 35 - Blocked Shots : 16 - Penalty Minutes : 10

Official

Referees : Jacob Brenk and Frederick L'Ecuyer
Linesman : Vaughan Rody and Mark Shewchyk

Game Notes

No Game Note

Finance

Level 1 -- Attendance: 5263 (87.72%) -- Ticket Income 621 034 $
Level 2 -- Attendance: 4572 (91.44%) -- Ticket Income 342 900 $
Level 3 -- Attendance: 3179 (90.83%) -- Ticket Income 152 592 $
Level 4 -- Attendance: 2874 (90.38%) -- Ticket Income 86 220 $
Luxury Box -- Attendance: 890 (89.00%) -- Ticket Income 187 790 $
Game was played at the PNC Arena.
Total Attendance: 16778 (89.82%)
Total Ticket Income: 1 390 536 $
Other Income: 208 580 $
Total Income: 1 599 116 $

% Time on Ice - Devils

Lines # - Real PCT - Wanted PCT - Time Play
Normal Forward
1 - 27% - 40% - 10:59
2 - 28% - 30% - 11:36
3 - 30% - 20% - 12:20
4 - 15% - 10% - 6:21
Normal Defense
1 - 29% - 40% - 11:56
2 - 31% - 30% - 12:56
3 - 32% - 20% - 13:16
4 - 8% - 10% - 3:08
PP Forward
1 - 52% - 60% - 4:37
2 - 48% - 40% - 4:12
PP Defense
1 - 47% - 60% - 4:10
2 - 53% - 40% - 4:39
PK Forward
1 - 77% - 60% - 6:45
2 - 23% - 40% - 2:04
PK Defense
1 - 51% - 60% - 4:29
2 - 49% - 40% - 4:20
PK3 Forward
1 - 0% - 60%
2 - 0% - 40%
PK3 Defense
1 - 0% - 60%
2 - 0% - 40%
44 Forward
1 - 100% - 60% - 1:06
2 - 0% - 40% - 0:00
44 Defense
1 - 76% - 60% - 0:50
2 - 24% - 40% - 0:16
Last Minute Offensive  - 0:00
Last Minute Defensive  - 0:00
Total
Forward - 60:00
Defense - 60:00

% Time on Ice - Hurricanes

Lines # - Real PCT - Wanted PCT - Time Play
Normal Forward
1 - 28% - 40% - 11:42
2 - 35% - 30% - 14:31
3 - 30% - 20% - 12:32
4 - 6% - 10% - 2:31
Normal Defense
1 - 37% - 40% - 15:08
2 - 35% - 30% - 14:36
3 - 28% - 20% - 11:32
4 - 0% - 10% - 0:00
PP Forward
1 - 52% - 60% - 4:36
2 - 48% - 40% - 4:13
PP Defense
1 - 50% - 60% - 4:26
2 - 50% - 40% - 4:23
PK Forward
1 - 67% - 60% - 5:56
2 - 33% - 40% - 2:53
PK Defense
1 - 58% - 60% - 5:06
2 - 42% - 40% - 3:43
PK3 Forward
1 - 0% - 60%
2 - 0% - 40%
PK3 Defense
1 - 0% - 60%
2 - 0% - 40%
44 Forward
1 - 100% - 60% - 1:06
2 - 0% - 40% - 0:00
44 Defense
1 - 100% - 60% - 1:06
2 - 0% - 40% - 0:00
Last Minute Offensive  - 0:00
Last Minute Defensive  - 0:00
Total
Forward - 60:00
Defense - 60:00

Play by Play

1st period


0:01 of 1st period - Jordan Staal wins face-off versus Bryan Little in neutral zone.
0:13 of 1st period - Keith Yandle is hit by Dougie Hamilton.
0:25 of 1st period - Shot by Mike Cammalleri.
0:25 of 1st period - Stopped by Frederik Andersen without a rebound.
0:26 of 1st period - Leo Komarov wins face-off versus Pavel Zacha in Hurricanes zone.
0:26 of 1st period - Zach Parise is hit by Nikolay Kulemin and loses puck.
1:56 of 1st period - Anton Stralman is hit by Brett Pesce and loses puck.
2:15 of 1st period - Shot by Mike Cammalleri.
2:15 of 1st period - Goal by Mike Cammalleri - Devils : 1 - Hurricanes : 0.
2:16 of 1st period - Michael Frolik wins face-off versus Roman Lyubimov in neutral zone.
2:33 of 1st period - Off-side.
2:34 of 1st period - Pavel Zacha wins face-off versus Brad Richardson in neutral zone.
2:44 of 1st period - Minor Penalty to Patrick Wiercioch for Hooking.
2:45 of 1st period - Jordan Staal wins face-off versus Bryan Little in Hurricanes zone.
2:48 of 1st period - Shot by Dustin Brown.
2:48 of 1st period - Shot Blocked by Dustin Byfuglien.
2:50 of 1st period - Shot by Jordan Staal.
2:50 of 1st period - Shot Blocked by Dustin Byfuglien.
2:52 of 1st period - Shot by Anton Stralman.
2:52 of 1st period - Shot Blocked by Nick Foligno.
2:54 of 1st period - Shot by Anton Stralman.
2:54 of 1st period - Shot Misses the Net.
2:56 of 1st period - Shot by Anton Stralman.
2:56 of 1st period - Shot Misses the Net.
3:01 of 1st period - Mike Cammalleri is hit by Dustin Byfuglien and loses puck.
3:18 of 1st period - Shot by Dougie Hamilton.
3:18 of 1st period - Stopped by Frederik Andersen without a rebound.
3:19 of 1st period - Pavel Zacha wins face-off versus Bryan Little in Hurricanes zone.
3:22 of 1st period - Shot by Nikolay Kulemin.
3:22 of 1st period - Shot Blocked by Dustin Byfuglien.
3:27 of 1st period - Shot by Shayne Gostisbehere.
3:27 of 1st period - Stopped by Frederik Andersen without a rebound.
3:28 of 1st period - Pavel Zacha wins face-off versus Bryan Little in Hurricanes zone.
3:55 of 1st period - Shot by Justin Schultz.
3:55 of 1st period - Shot Blocked by Brett Pesce.
3:57 of 1st period - Shot by Nikolay Kulemin.
3:57 of 1st period - Stopped by Frederik Andersen without a rebound.
3:58 of 1st period - Leo Komarov wins face-off versus Jordan Staal in Hurricanes zone.
4:09 of 1st period - Shot by Dougie Hamilton.
4:09 of 1st period - Shot Misses the Net.
4:18 of 1st period - Icing by Jordan Staal.
4:19 of 1st period - Jordan Staal wins face-off versus Bryan Little in Devils zone.
4:24 of 1st period - Shot by Dougie Hamilton.
4:24 of 1st period - Shot Blocked by Brett Pesce.
4:42 of 1st period - Shot by Mike Cammalleri.
4:42 of 1st period - Stopped by Frederik Andersen with a rebound.
5:08 of 1st period - Shot by Ales Hemsky.
5:08 of 1st period - Stopped by Frederik Andersen without a rebound.
5:09 of 1st period - Pavel Zacha wins face-off versus Bryan Little in Hurricanes zone.
5:09 of 1st period - Pavel Zacha is hit by Dustin Byfuglien.
5:21 of 1st period - Shot by Dustin Byfuglien.
5:21 of 1st period - Stopped by Michal Neuvirth with a rebound.
6:17 of 1st period - Brad Richardson is hit by Jordan Staal and loses puck.
6:40 of 1st period - Shot by Brad Richardson.
6:40 of 1st period - Shot Misses the Net.
6:57 of 1st period - Shot by Shayne Gostisbehere.
6:57 of 1st period - Shot Misses the Net.
7:52 of 1st period - Nikolay Kulemin is hit by Brian Dumoulin and loses puck.
8:06 of 1st period - Nikolay Kulemin is hit by Brett Pesce and loses puck.
8:33 of 1st period - Shot by Ales Hemsky.
8:33 of 1st period - Stopped by Frederik Andersen with a rebound.
9:08 of 1st period - Shot by Dustin Byfuglien.
9:08 of 1st period - Shot Misses the Net.
10:20 of 1st period - Shot by Lee Stempniak.
10:20 of 1st period - Shot Misses the Net.
10:22 of 1st period - Shot by Zach Parise.
10:22 of 1st period - Goal by Zach Parise - Devils : 1 - Hurricanes : 1.
10:23 of 1st period - Bryan Little wins face-off versus Roman Lyubimov in neutral zone.
10:25 of 1st period - Off-side.
10:26 of 1st period - Bryan Little wins face-off versus Jordan Staal in neutral zone.
10:28 of 1st period - Off-side.
10:29 of 1st period - Bryan Little wins face-off versus Jordan Staal in neutral zone.
10:29 of 1st period - Minor Penalty to Jordan Staal for Holding.
10:30 of 1st period - Bryan Little wins face-off versus Boyd Gordon in Devils zone.
10:53 of 1st period - Shot by Michael Frolik.
10:53 of 1st period - Deflect By Bryan Little.
10:53 of 1st period - Shot Misses the Net.
10:55 of 1st period - Shot by Keith Yandle.
10:55 of 1st period - Stopped by Michal Neuvirth without a rebound.
10:56 of 1st period - Boyd Gordon wins face-off versus Leo Komarov in Devils zone.
10:56 of 1st period - Boyd Gordon is hit by Leo Komarov.
11:22 of 1st period - Minor Penalty to Leo Komarov for Hooking.
11:23 of 1st period - Bryan Little wins face-off versus Dustin Brown in Hurricanes zone.
11:38 of 1st period - Shot by Bryan Little.
11:38 of 1st period - Stopped by Michal Neuvirth without a rebound.
11:39 of 1st period - Bryan Little wins face-off versus Ales Hemsky in Devils zone.
11:44 of 1st period - Shot by Bryan Little.
11:44 of 1st period - Goal by Bryan Little - Devils : 1 - Hurricanes : 2.
11:45 of 1st period - Bryan Little wins face-off versus Ales Hemsky in neutral zone.
12:52 of 1st period - Shot by Shayne Gostisbehere.
12:52 of 1st period - Shot Misses the Net.
12:55 of 1st period - Pavel Zacha is hit by Brian Dumoulin and loses puck.
13:32 of 1st period - Shot by Jordan Staal.
13:32 of 1st period - Shot Blocked by Anthony Bitetto.
13:44 of 1st period - Shot by Chris Terry.
13:44 of 1st period - Stopped by Frederik Andersen without a rebound.
13:45 of 1st period - Boyd Gordon wins face-off versus Brad Richardson in Hurricanes zone.
14:47 of 1st period - Shot by Nick Foligno.
14:47 of 1st period - Shot Misses the Net.
14:57 of 1st period - Shot by Bryan Little.
14:57 of 1st period - Deflect By Nick Foligno.
14:57 of 1st period - Shot Blocked by Justin Schultz.
15:00 of 1st period - Icing by Justin Schultz.
15:01 of 1st period - Roman Lyubimov wins face-off versus Leo Komarov in Devils zone.
15:06 of 1st period - Jordan Staal is hit by Zach Parise and loses puck.
16:03 of 1st period - Shot by Nikolay Kulemin.
16:03 of 1st period - Stopped by Frederik Andersen with a rebound.
16:05 of 1st period - Shot by Nikolay Kulemin.
16:05 of 1st period - Shot Misses the Net.
16:17 of 1st period - Shot by Steven Kampfer.
16:17 of 1st period - Shot Blocked by Anthony Bitetto.
16:49 of 1st period - Shot by Ales Hemsky.
16:49 of 1st period - Stopped by Frederik Andersen without a rebound.
16:50 of 1st period - Brad Richardson wins face-off versus Boyd Gordon in Hurricanes zone.
17:26 of 1st period - Icing by Keith Yandle.
17:27 of 1st period - Pavel Zacha wins face-off versus Derek Ryan in Hurricanes zone.
17:39 of 1st period - Minor Penalty to Jakub Kindl for Hooking.
17:40 of 1st period - Jordan Staal wins face-off versus Bryan Little in Devils zone.
18:05 of 1st period - Shot by Mike Cammalleri.
18:05 of 1st period - Shot Blocked by Brian Dumoulin.
18:17 of 1st period - Shot by Bryan Little.
18:17 of 1st period - Stopped by Michal Neuvirth without a rebound.
18:18 of 1st period - Leo Komarov wins face-off versus Jordan Staal in Devils zone.
18:43 of 1st period - Shot by Lee Stempniak.
18:43 of 1st period - Stopped by Michal Neuvirth with a rebound.
Goals for this period are 1 for Devils vs 2 for Hurricanes.
Shots for this period are 11 for Devils vs 7 for Hurricanes.

2nd period


0:01 of 2nd period - Jordan Staal wins face-off versus Bryan Little in neutral zone.
0:22 of 2nd period - Shot by Michael Frolik.
0:22 of 2nd period - Shot Blocked by Dougie Hamilton.
1:13 of 2nd period - Shot by Drew Stafford.
1:13 of 2nd period - Shot Misses the Net.
1:21 of 2nd period - Shot by Lee Stempniak.
1:21 of 2nd period - Shot Blocked by Shayne Gostisbehere.
2:04 of 2nd period - Shot by Brad Richardson.
2:04 of 2nd period - Stopped by Michal Neuvirth with a rebound.
2:06 of 2nd period - Shot by Brad Richardson.
2:06 of 2nd period - Stopped by Michal Neuvirth with a rebound.
2:08 of 2nd period - Shot by Brad Richardson.
2:08 of 2nd period - Shot Misses the Net.
2:33 of 2nd period - Off-side.
2:34 of 2nd period - Bryan Little wins face-off versus Jordan Staal in neutral zone.
3:20 of 2nd period - Shot by Zach Parise.
3:20 of 2nd period - Shot Misses the Net.
3:36 of 2nd period - Shot by Leo Komarov.
3:36 of 2nd period - Shot Misses the Net.
3:38 of 2nd period - Shot by Lee Stempniak.
3:38 of 2nd period - Stopped by Michal Neuvirth with a rebound.
3:55 of 2nd period - Brett Pesce is hit by Scott Wilson and loses puck.
4:09 of 2nd period - Minor Penalty to Jakub Kindl for Tripping.
4:10 of 2nd period - Bryan Little wins face-off versus Boyd Gordon in Devils zone.
5:04 of 2nd period - Shot by Zach Parise.
5:04 of 2nd period - Deflect By Leo Komarov.
5:04 of 2nd period - Shot Misses the Net.
5:06 of 2nd period - Shot by Brian Dumoulin.
5:06 of 2nd period - Shot Misses the Net.
5:08 of 2nd period - Shot by Brian Dumoulin.
5:08 of 2nd period - Shot Misses the Net.
5:40 of 2nd period - Ryan Pulock is hit by Leo Komarov and loses puck.
5:55 of 2nd period - Shot by Michael Frolik.
5:55 of 2nd period - Shot Blocked by Steven Kampfer.
5:57 of 2nd period - Shot by Keith Yandle.
5:57 of 2nd period - Stopped by Michal Neuvirth without a rebound.
5:58 of 2nd period - Carl Hagelin wins face-off versus Jordan Staal in Devils zone.
6:05 of 2nd period - Shot by Carl Hagelin.
6:05 of 2nd period - Shot Blocked by Anton Stralman.
6:07 of 2nd period - Shot by Keith Yandle.
6:07 of 2nd period - Stopped by Michal Neuvirth without a rebound.
6:08 of 2nd period - Bryan Little wins face-off versus Mike Cammalleri in Devils zone.
6:26 of 2nd period - Derek Ryan is hit by Dougie Hamilton and loses puck.
6:49 of 2nd period - Minor Penalty to Nick Foligno for Unsportsmanlike conduct.
6:50 of 2nd period - Pavel Zacha wins face-off versus Bryan Little in Hurricanes zone.
7:05 of 2nd period - Shot by Drew Stafford.
7:05 of 2nd period - Stopped by Frederik Andersen without a rebound.
7:06 of 2nd period - Jordan Staal wins face-off versus Bryan Little in Hurricanes zone.
7:07 of 2nd period - Shot by Dustin Brown.
7:07 of 2nd period - Shot Misses the Net.
7:09 of 2nd period - Shot by Justin Schultz.
7:09 of 2nd period - Stopped by Frederik Andersen with a rebound.
7:11 of 2nd period - Shot by Justin Schultz.
7:11 of 2nd period - Shot Misses the Net.
7:13 of 2nd period - Shot by Dustin Brown.
7:13 of 2nd period - Stopped by Frederik Andersen without a rebound.
7:14 of 2nd period - Bryan Little wins face-off versus Pavel Zacha in Hurricanes zone.
7:14 of 2nd period - Bryan Little is hit by Nikolay Kulemin.
7:27 of 2nd period - Icing by Pavel Zacha.
7:28 of 2nd period - Bryan Little wins face-off versus Pavel Zacha in Devils zone.
7:28 of 2nd period - Derek Ryan is hit by Anton Stralman and loses puck.
8:21 of 2nd period - Shot by Justin Schultz.
8:21 of 2nd period - Stopped by Frederik Andersen without a rebound.
8:22 of 2nd period - Jordan Staal wins face-off versus Bryan Little in Hurricanes zone.
8:46 of 2nd period - Shot by Jordan Staal.
8:46 of 2nd period - Shot Misses the Net.
9:04 of 2nd period - Shot by Lee Stempniak.
9:04 of 2nd period - Shot Misses the Net.
9:06 of 2nd period - Shot by Patrick Wiercioch.
9:06 of 2nd period - Stopped by Michal Neuvirth with a rebound.
9:14 of 2nd period - Shot by Lee Stempniak.
9:14 of 2nd period - Deflect By Zach Parise.
9:14 of 2nd period - Stopped by Michal Neuvirth with a rebound.
9:16 of 2nd period - Shot by Patrick Wiercioch.
9:16 of 2nd period - Stopped by Michal Neuvirth with a rebound.
9:18 of 2nd period - Shot by Lee Stempniak.
9:18 of 2nd period - Shot Misses the Net.
10:31 of 2nd period - Shot by Brad Richardson.
10:31 of 2nd period - Stopped by Michal Neuvirth without a rebound.
10:32 of 2nd period - Jordan Staal wins face-off versus Leo Komarov in Devils zone.
11:52 of 2nd period - Shot by Brad Richardson.
11:52 of 2nd period - Shot Misses the Net.
13:07 of 2nd period - Off-side.
13:08 of 2nd period - Jordan Staal wins face-off versus Leo Komarov in neutral zone.
13:11 of 2nd period - Shot by Mike Cammalleri.
13:11 of 2nd period - Stopped by Frederik Andersen without a rebound.
13:12 of 2nd period - Leo Komarov wins face-off versus Mike Cammalleri in Hurricanes zone.
13:27 of 2nd period - Minor Penalty to Leo Komarov for Tripping.
13:28 of 2nd period - Bryan Little wins face-off versus Jordan Staal in Hurricanes zone.
13:39 of 2nd period - Shot by Justin Schultz.
13:39 of 2nd period - Stopped by Frederik Andersen with a rebound.
13:51 of 2nd period - Shot by Justin Schultz.
13:51 of 2nd period - Shot Misses the Net.
13:55 of 2nd period - Shot by Dustin Brown.
13:55 of 2nd period - Shot Blocked by Dustin Byfuglien.
13:57 of 2nd period - Shot by Jordan Staal.
13:57 of 2nd period - Shot Blocked by Keith Yandle.
14:59 of 2nd period - Shot by Dustin Brown.
14:59 of 2nd period - Stopped by Frederik Andersen with a rebound.
15:06 of 2nd period - Icing by Justin Schultz.
15:07 of 2nd period - Ales Hemsky wins face-off versus Derek Ryan in Devils zone.
15:13 of 2nd period - Off-side.
15:14 of 2nd period - Bryan Little wins face-off versus Pavel Zacha in neutral zone.
15:43 of 2nd period - Shot by Chris Terry.
15:43 of 2nd period - Deflect By Roman Lyubimov.
15:43 of 2nd period - Stopped by Frederik Andersen without a rebound.
15:44 of 2nd period - Boyd Gordon wins face-off versus Brad Richardson in Hurricanes zone.
16:01 of 2nd period - Shot by Scott Wilson.
16:01 of 2nd period - Stopped by Frederik Andersen without a rebound.
16:02 of 2nd period - Nick Foligno wins face-off versus Nikolay Kulemin in Hurricanes zone.
16:23 of 2nd period - Shot by Michael Frolik.
16:23 of 2nd period - Goal by Michael Frolik - Devils : 1 - Hurricanes : 3.
16:24 of 2nd period - Mike Cammalleri wins face-off versus Leo Komarov in neutral zone.
16:33 of 2nd period - Shot by Zach Parise.
16:33 of 2nd period - Deflect By Lee Stempniak.
16:33 of 2nd period - Shot Misses the Net.
16:35 of 2nd period - Shot by Leo Komarov.
16:35 of 2nd period - Shot Misses the Net.
16:37 of 2nd period - Shot by Leo Komarov.
16:37 of 2nd period - Shot Blocked by Jordan Staal.
16:39 of 2nd period - Shot by Brett Pesce.
16:39 of 2nd period - Shot Misses the Net.
16:43 of 2nd period - Shot by Zach Parise.
16:43 of 2nd period - Shot Misses the Net.
17:03 of 2nd period - Zach Parise is hit by Justin Schultz and loses puck.
17:56 of 2nd period - Dougie Hamilton is hit by Dustin Byfuglien and loses puck.
18:08 of 2nd period - Ales Hemsky is hit by Dustin Byfuglien and loses puck.
18:29 of 2nd period - Shot by Ales Hemsky.
18:29 of 2nd period - Deflect By Scott Wilson.
18:29 of 2nd period - Shot Blocked by Patrick Wiercioch.
19:09 of 2nd period - Brett Pesce is hit by Scott Wilson and loses puck.
19:22 of 2nd period - Shot by Zach Parise.
19:22 of 2nd period - Shot Blocked by Steven Kampfer.
19:45 of 2nd period - Icing by Jakub Kindl.
19:46 of 2nd period - Alex Chiasson wins face-off versus Boyd Gordon in Devils zone.
Goals for this period are 0 for Devils vs 1 for Hurricanes.
Shots for this period are 9 for Devils vs 10 for Hurricanes.

3rd period


0:01 of 3rd period - Jordan Staal wins face-off versus Bryan Little in neutral zone.
0:04 of 3rd period - Dustin Byfuglien is hit by Jordan Staal and loses puck.
0:09 of 3rd period - Shot by Mike Cammalleri.
0:09 of 3rd period - Shot Misses the Net.
0:11 of 3rd period - Shot by Dougie Hamilton.
0:11 of 3rd period - Stopped by Frederik Andersen without a rebound.
0:12 of 3rd period - Pavel Zacha wins face-off versus Lee Stempniak in Hurricanes zone.
0:27 of 3rd period - Shot by Drew Stafford.
0:27 of 3rd period - Shot Blocked by Brian Dumoulin.
0:57 of 3rd period - Shayne Gostisbehere is hit by Leo Komarov and loses puck.
1:36 of 3rd period - Shot by Nick Foligno.
1:36 of 3rd period - Stopped by Michal Neuvirth with a rebound.
1:38 of 3rd period - Shot by Michael Frolik.
1:38 of 3rd period - Shot Blocked by Anton Stralman.
1:40 of 3rd period - Shot by Keith Yandle.
1:40 of 3rd period - Shot Misses the Net.
1:42 of 3rd period - Shot by Keith Yandle.
1:42 of 3rd period - Shot Blocked by Jordan Staal.
2:32 of 3rd period - Ales Hemsky is hit by Derek Ryan and loses puck.
2:36 of 3rd period - Off-side.
2:37 of 3rd period - Bryan Little wins face-off versus Chris Terry in neutral zone.
3:16 of 3rd period - Scott Wilson is hit by Keith Yandle.
3:24 of 3rd period - Shot by Ales Hemsky.
3:24 of 3rd period - Deflect By Scott Wilson.
3:24 of 3rd period - Stopped by Frederik Andersen without a rebound.
3:25 of 3rd period - Pavel Zacha wins face-off versus Leo Komarov in Hurricanes zone.
3:40 of 3rd period - Icing by Lee Stempniak.
3:41 of 3rd period - Jordan Staal wins face-off versus Zach Parise in Hurricanes zone.
3:58 of 3rd period - Shot by Lee Stempniak.
3:58 of 3rd period - Deflect By Leo Komarov.
3:58 of 3rd period - Stopped by Michal Neuvirth without a rebound.
3:59 of 3rd period - Alex Chiasson wins face-off versus Roman Lyubimov in Devils zone.
4:00 of 3rd period - Shot by Brad Richardson.
4:00 of 3rd period - Stopped by Michal Neuvirth without a rebound.
4:01 of 3rd period - Derek Ryan wins face-off versus Roman Lyubimov in Devils zone.
4:16 of 3rd period - Shot by Brad Richardson.
4:16 of 3rd period - Stopped by Michal Neuvirth without a rebound.
4:17 of 3rd period - Pavel Zacha wins face-off versus Zach Parise in Devils zone.
4:42 of 3rd period - Zach Parise is hit by Justin Schultz and loses puck.
5:19 of 3rd period - Shot by Dougie Hamilton.
5:19 of 3rd period - Shot Blocked by Brian Dumoulin.
5:21 of 3rd period - Shot by Dustin Brown.
5:21 of 3rd period - Deflect By Jordan Staal.
5:21 of 3rd period - Shot Blocked by Brian Dumoulin.
5:23 of 3rd period - Shot by Dustin Brown.
5:23 of 3rd period - Deflect By Jordan Staal.
5:23 of 3rd period - Shot Misses the Net.
5:25 of 3rd period - Shot by Jordan Staal.
5:25 of 3rd period - Shot Misses the Net.
5:27 of 3rd period - Shot by Dustin Brown.
5:27 of 3rd period - Stopped by Frederik Andersen without a rebound.
5:28 of 3rd period - Bryan Little wins face-off versus Boyd Gordon in Hurricanes zone.
5:33 of 3rd period - Michael Frolik is hit by Boyd Gordon and loses puck.
6:18 of 3rd period - Shot by Jordan Staal.
6:18 of 3rd period - Shot Misses the Net.
6:25 of 3rd period - Minor Penalty to Dustin Brown for Roughing.
6:26 of 3rd period - Leo Komarov wins face-off versus Jordan Staal in Devils zone.
6:48 of 3rd period - Icing by Brian Dumoulin.
6:49 of 3rd period - Jordan Staal wins face-off versus Leo Komarov in Hurricanes zone.
7:52 of 3rd period - Shot by Michael Frolik.
7:52 of 3rd period - Shot Misses the Net.
7:54 of 3rd period - Shot by Keith Yandle.
7:54 of 3rd period - Shot Blocked by Anton Stralman.
8:27 of 3rd period - Shot by Carl Hagelin.
8:27 of 3rd period - Stopped by Michal Neuvirth with a rebound.
8:29 of 3rd period - Shot by Brad Richardson.
8:29 of 3rd period - Stopped by Michal Neuvirth without a rebound.
8:30 of 3rd period - Scott Wilson wins face-off versus Derek Ryan in Devils zone.
8:37 of 3rd period - Alex Chiasson is hit by Jakub Kindl and loses puck.
8:46 of 3rd period - Shot by Derek Ryan.
8:46 of 3rd period - Shot Misses the Net.
8:50 of 3rd period - Shot by Brad Richardson.
8:50 of 3rd period - Stopped by Michal Neuvirth without a rebound.
8:51 of 3rd period - Pavel Zacha wins face-off versus Marcus Foligno in Devils zone.
9:02 of 3rd period - Shot by Nick Foligno.
9:02 of 3rd period - Stopped by Michal Neuvirth without a rebound.
9:03 of 3rd period - Jordan Staal wins face-off versus Bryan Little in Devils zone.
9:31 of 3rd period - Icing by Dougie Hamilton.
9:32 of 3rd period - Leo Komarov wins face-off versus Jordan Staal in Devils zone.
9:32 of 3rd period - Leo Komarov is hit by Anton Stralman.
9:41 of 3rd period - Minor Penalty to Anton Stralman for Hooking.
9:42 of 3rd period - Leo Komarov wins face-off versus Mike Cammalleri in Devils zone.
9:43 of 3rd period - Shot by Dustin Byfuglien.
9:43 of 3rd period - Shot Blocked by Justin Schultz.
9:45 of 3rd period - Shot by Leo Komarov.
9:45 of 3rd period - Shot Blocked by Shayne Gostisbehere.
9:49 of 3rd period - Shot by Zach Parise.
9:49 of 3rd period - Stopped by Michal Neuvirth with a rebound.
9:51 of 3rd period - Shot by Zach Parise.
9:51 of 3rd period - Deflect By Leo Komarov.
9:51 of 3rd period - Shot Misses the Net.
10:00 of 3rd period - Lee Stempniak is hit by Justin Schultz and loses puck.
10:56 of 3rd period - Icing by Brett Pesce.
10:57 of 3rd period - Jordan Staal wins face-off versus Bryan Little in Hurricanes zone.
11:10 of 3rd period - Shot by Nick Foligno.
11:10 of 3rd period - Shot Blocked by Dougie Hamilton.
11:21 of 3rd period - Shot by Bryan Little.
11:21 of 3rd period - Stopped by Michal Neuvirth with a rebound.
12:27 of 3rd period - Nikolay Kulemin is hit by Anthony Bitetto and loses puck.
12:44 of 3rd period - Keith Yandle is hit by Pavel Zacha and loses puck.
12:50 of 3rd period - Off-side.
12:51 of 3rd period - Roman Lyubimov wins face-off versus Leo Komarov in neutral zone.
13:02 of 3rd period - Shot by Zach Parise.
13:02 of 3rd period - Stopped by Michal Neuvirth with a rebound.
13:04 of 3rd period - Shot by Brett Pesce.
13:04 of 3rd period - Shot Misses the Net.
13:06 of 3rd period - Shot by Leo Komarov.
13:06 of 3rd period - Stopped by Michal Neuvirth without a rebound.
13:07 of 3rd period - Bryan Little wins face-off versus Boyd Gordon in Devils zone.
13:14 of 3rd period - Shot by Michael Frolik.
13:14 of 3rd period - Shot Blocked by Steven Kampfer.
13:16 of 3rd period - Shot by Bryan Little.
13:16 of 3rd period - Shot Misses the Net.
13:18 of 3rd period - Shot by Dustin Byfuglien.
13:18 of 3rd period - Stopped by Michal Neuvirth without a rebound.
13:19 of 3rd period - Jordan Staal wins face-off versus Leo Komarov in Devils zone.
13:24 of 3rd period - Dustin Brown is hit by Leo Komarov and loses puck.
15:13 of 3rd period - Off-side.
15:14 of 3rd period - Roman Lyubimov wins face-off versus Leo Komarov in neutral zone.
15:23 of 3rd period - Shot by Jordan Staal.
15:23 of 3rd period - Stopped by Frederik Andersen without a rebound.
15:24 of 3rd period - Derek Ryan wins face-off versus Boyd Gordon in Hurricanes zone.
15:24 of 3rd period - Derek Ryan is hit by Scott Wilson.
15:32 of 3rd period - Shot by Ales Hemsky.
15:32 of 3rd period - Stopped by Frederik Andersen without a rebound.
15:32 of 3rd period - Minor Penalty to Anthony Bitetto for Roughing.
15:33 of 3rd period - Bryan Little wins face-off versus Jordan Staal in Hurricanes zone.
15:41 of 3rd period - Off-side.
15:42 of 3rd period - Pavel Zacha wins face-off versus Bryan Little in neutral zone.
16:12 of 3rd period - Icing by Drew Stafford.
16:13 of 3rd period - Bryan Little wins face-off versus Pavel Zacha in Devils zone.
16:22 of 3rd period - Shot by Bryan Little.
16:22 of 3rd period - Shot Hit the Post.
17:32 of 3rd period - Shot by Pavel Zacha.
17:32 of 3rd period - Shot Blocked by Patrick Wiercioch.
18:00 of 3rd period - Derek Ryan is hit by Steven Kampfer and loses puck.
18:34 of 3rd period - Zach Parise is hit by Jordan Staal and loses puck.
19:26 of 3rd period - Shot by Nikolay Kulemin.
19:26 of 3rd period - Stopped by Frederik Andersen without a rebound.
19:27 of 3rd period - Derek Ryan wins face-off versus Jordan Staal in Hurricanes zone.
19:27 of 3rd period - Derek Ryan is hit by Dustin Brown.
19:39 of 3rd period - Alex Chiasson is hit by Anton Stralman and loses puck.
Goals for this period are 0 for Devils vs 0 for Hurricanes.
Shots for this period are 6 for Devils vs 13 for Hurricanes.